 Dungeon Crawl Stone Soup version 0.23-a0-729-g94ec0301e6 (webtiles) character file.

1681 Roikka the Caller (level 9, -2/52 HPs)
             Began as a Kobold Summoner on Jan 17, 2019.
             Was a Follower of Wu Jian.
             Shot with a sling bullet by Joseph (16 damage)
             ... on level 7 of the Dungeon.
             The game lasted 00:50:25 (8724 turns).

Roikka the Caller (Kobold Summoner)                 Turns: 8724, Time: 00:50:26

Health: -2/52      AC:  4    Str:  7    XL:     9   Next: 21%
Magic:  6/16       EV: 19    Int: 16    God:    Wu Jian [*.....]
Gold:   304        SH:  0    Dex: 17    Spells: 8/18 levels left

rFire    . . .     SeeInvis .   b - +1 dagger (speed)
rCold    . . .     Gourm    .   (shield restricted)
rNeg     . . .     Faith    .   v - +0 robe
rPois    +         Spirit   .   (no helmet)
rElec    .         Reflect  .   y - +0 cloak
rCorr    .         Harm     .   (no gloves)
MR       .....                  t - +0 pair of boots
Stlth    +++.......             (no amulet)
HPRegen  0.17/turn              r - ring of poison resistance
MPRegen  0.15/turn              q - ring of wizardry

@: no status effects
A: small, carnivore
a: Renounce Religion


You were on level 7 of the Dungeon.
You worshipped Wu Jian.
Wu Jian was aware of your devotion.
You were very full.

You visited 2 branches of the dungeon, and saw 8 of its levels.

You collected 304 gold pieces.

Inventory:

Hand Weapons
 a - a +1 dagger of holy wrath
 b - a +1 dagger of speed (weapon)
Missiles
 e - 8 needles of confusion
 j - a throwing net (quivered)
 m - 35 poisoned needles
Armour
 t - a +0 pair of boots (worn)
 v - a +0 robe (worn)
 y - a +0 cloak (worn)
Jewellery
 l - an uncursed ring of fire
 q - a ring of wizardry (right hand)
 r - a ring of poison resistance (left hand)
Wands
 s - a wand of flame (16)
 D - a wand of iceblast (6)
Scrolls
 h - 3 scrolls of remove curse
 k - 2 scrolls of identify
 u - 3 scrolls of teleportation
 A - a scroll of blinking
Potions
 d - 2 potions of cancellation {unknown}
 f - 4 potions of lignification
 g - a potion of heal wounds
 i - 2 potions of flight {unknown}
 o - 2 potions of brilliance {unknown}
 p - a potion of haste {unknown}
 x - a potion of berserk rage
 z - a potion of mutation {unknown}
Comestibles
 c - 11 rations
 n - 14 chunks of flesh


   Skills:
 * Level 3.9 Fighting
 * Level 4.3 Short Blades
 + Level 6.3 Dodging
 * Level 5.2 Stealth
 + Level 5.2 Spellcasting
 + Level 6.4 Summonings
 + Level 3.4 Air Magic


You had 8 spell levels left.
You knew the following spells:

 Your Spells              Type           Power        Failure   Level  Hunger
a - Summon Small Mammal   Summ           ###.         1%          1    None
b - Call Imp              Summ           ###.....     1%          2    #......
c - Call Canine Familiar  Summ           ###.....     1%          3    ###....
d - Summon Lightning Spi  Summ/Air       ###.....     8%          4    ####...

Your spell library contained the following spells:

 Spells                   Type           Power        Failure   Level  Hunger
 Summon Guardian Golem    Hex/Summ       ##......     4%          3    ###....
 Beastly Appendage        Tmut           #.....       6%          1    None
 Sticks to Snakes         Tmut           #.......     9%          2    #......
 Summon Ice Beast         Ice/Summ       ##......     16%         4    ####...
 Spider Form              Tmut/Pois      #.........   17%         3    ###....
 Ice Form                 Ice/Tmut       #.......     50%         4    ####...
 Blade Hands              Tmut           #.........   82%         5    ######.


Dungeon Overview and Level Annotations

Branches:
Dungeon (7/15)             Temple (1/1) D:6

Altars:
Cheibriados
Dithmenos
Elyvilon
Gozag
Kikubaaqudgha
Ru
Trog
Uskayaw
Vehumet
Wu Jian
The Shining One

Annotations:
D:7 Joseph


Innate Abilities, Weirdness & Mutations

You are small and have problems with some larger weapons.
You are carnivorous and can eat meat at any time.


Message History

Your hound closely misses Joseph.
Joseph shoots a sling bullet.
The sling bullet hits you!
* * * LOW HITPOINT WARNING * * *
Things that are here:
a sling bullet; 18 arrows; a +0 shortbow You swap places.
Your hound barely misses Joseph.
Something hits your hound!
Your lightning spire disappears in a puff of smoke!
Your hound completely misses Joseph.
Casting: Call Canine Familiar (safe; 1% risk of failure)
Confirm with . or Enter, or press ? or * to list all spells.
Aiming: Summon Lightning Spire (safe; 8% risk of failure)
Press: ? - help, Dir - move target cursor An electric hum fills the air.
Something hits your hound!
Your hound dies!
Your hound's corpse disappears in a puff of smoke!
Joseph unwields a +0 quarterstaff.
Joseph wields a +0 hunting sling.
Joseph shoots a sling bullet.
The sling bullet hits you!
You die...

#.###.## #.# $.....# #.#
#.##..# #.#######
..#..########........
#.#.@..##.)..)..#####
##.#(##@##.#####.#
####(..(8..())..(...#
#######......(...<#.#######
.........#.#(.)#@#........#
.........#.#(..#.#.(#####.#
....รท...^#.#...#.#..#
...###.......>.#.#.)# ##.
#.###.##..#.#... #. #.#
#.....#.##.## #. #.#
#.....#.#..# #. #.# .####.#
## #. #..


You could see Joseph and a friendly lightning spire.

Vanquished Creatures
  Eustachio (D:5)
  A centaur (D:5)
  An ogre (D:7)
  A bullfrog (D:7)
  A bullfrog zombie (D:5)
  A crimson imp (D:6)
  A quasit (D:6)
  An orc priest (D:7)
  2 worker ants
  3 adders (D:4)
  A gnoll (D:7)
  An ooze (D:1)
  An adder skeleton (D:5)
  An adder zombie (D:5)
  2 leopard geckos
  5 bats
  A bat zombie (D:3)
  3 giant cockroaches
  4 hobgoblins
  2 quokkas
  A frilled lizard (D:1)
  A giant cockroach zombie (D:5)
  3 goblins (D:1)
  A kobold (D:3)
  A quokka zombie (D:6)
  6 rats
47 creatures vanquished.

Vanquished Creatures (collateral kills)
  Sigmund (D:3)
  Duvessa (D:5)
  2 ice beasts (D:6)
  3 sky beasts
  2 phantoms
  4 centaurs
  A bullfrog (D:6)
  Blork the orc (D:5)
  Dowan (D:5)
  3 howler monkeys
  2 crimson imps
  3 bullfrog skeletons
  Jessica (D:3)
  3 iguanas
  Natasha (thrice) (D:3)
  2 worker ants (D:4)
  2 hound skeletons
  3 gnolls (D:7)
  10 adders
  2 oozes
  A worm (D:6)
  A dart slug (D:2)
  2 leopard geckos
  10 orcs
  2 bat zombies (D:3)
  4 giant cockroaches
  9 goblins
  9 hobgoblins
  4 jackals (D:2)
  6 quokkas
  5 bats
  A frilled lizard (D:1)
  A jackal skeleton (D:4)
  7 kobolds
  A quokka skeleton (D:4)
  2 rats
  A rat zombie (D:3)
116 creatures vanquished.

Grand Total: 163 creatures vanquished

Notes
Turn   | Place    | Note
-------+----------+-------------------------------------------
     0 | D:1      | Roikka the Kobold Summoner began the quest for the Orb.
     0 | D:1      | Reached XP level 1. HP: 10/10 MP: 3/3
   431 | D:1      | Reached XP level 2. HP: 15/15 MP: 3/5
   435 | D:1      | Learned a level 2 spell: Call Imp
   798 | D:1      | Reached XP level 3. HP: 19/19 MP: 4/6
   871 | D:1      | Learned a level 3 spell: Call Canine Familiar
  1641 | D:2      | Found a snail-covered altar of Cheibriados.
  1641 | D:2      | Found a bloodstained altar of Trog.
  1725 | D:2      | Reached XP level 4. HP: 18/24 MP: 3/8
  2069 | D:3      | Noticed Natasha
  2283 | D:3      | Found an ancient bone altar of Kikubaaqudgha.
  2516 | D:3      | Found a sacrificial altar of Ru.
  2547 | D:3      | Killed Natasha
  2547 | D:3      | Reached XP level 5. HP: 28/28 MP: 6/9
  2670 | D:3      | Noticed Natasha
  2685 | D:3      | Killed Natasha
  2706 | D:3      | Noticed Jessica
  2708 | D:3      | Killed Jessica
  2720 | D:3      | Noticed Sigmund
  2760 | D:3      | Killed Sigmund
  2760 | D:3      | Reached skill level 5 in Summonings
  2760 | D:3      | Reached XP level 6. HP: 32/32 MP: 1/11
  2982 | D:3      | Learned a level 4 spell: Summon Lightning Spire
  3092 | D:3      | Noticed Natasha
  3141 | D:3      | Killed Natasha
  3706 | D:4      | Found a white marble altar of Elyvilon.
  3706 | D:4      | Found an ornate altar of the Wu Jian Council.
  3710 | D:4      | Became a worshipper of the Wu Jian Council
  3747 | D:4      | Found a radiant altar of Vehumet.
  3782 | D:4      | HP: 1/32 [poisoned by a worker ant]
  4024 | D:4      | Reached skill level 1 in Air Magic
  4602 | D:5      | Entered Level 5 of the Dungeon
  4691 | D:5      | Noticed a sky beast
  4747 | D:5      | Found a shadowy altar of Dithmenos.
  4939 | D:5      | Reached XP level 7. HP: 29/36 MP: 13/13
  4955 | D:5      | Reached skill level 5 in Dodging
  5180 | D:5      | Noticed Eustachio
  5187 | D:5      | Reached skill level 1 in Short Blades
  5253 | D:5      | Killed Eustachio
  5253 | D:5      | Reached skill level 1 in Fighting
  5532 | D:5      | Noticed Blork the orc
  5561 | D:5      | Killed Blork the orc
  5848 | D:5      | Noticed Dowan
  5855 | D:5      | Noticed Duvessa
  6336 | D:6      | Found a staircase to the Ecumenical Temple.
  6556 | D:5      | Killed Duvessa
  6556 | D:5      | Reached XP level 8. HP: 44/44 MP: 4/14
  6572 | D:5      | Killed Dowan
  7369 | D:5      | HP: 1/46 [centaur (2)]
  7370 | D:5      | Reached * piety under Wu Jian
  7721 | D:6      | Reached skill level 5 in Spellcasting
  7763 | D:6      | Found an opulent altar of Gozag.
  7764 | D:6      | Found a radiant altar of Vehumet.
  8107 | D:6      | Reached XP level 9. HP: 47/51 MP: 16/16
  8140 | Temple   | Entered the Ecumenical Temple
  8612 | D:7      | Reached skill level 5 in Stealth
  8684 | D:7      | Noticed Joseph
  8724 | D:7      | Shot with a sling bullet by Joseph

Vault maps used:
D:1:      lightli_arrival_windingriver, hangedman_feature_mirror
D:2:      amethyst_overflow_temple_binary, minmay_tetromino_i2
D:3:      lemuel_zombie_altar_kikubaaqudgha, nicolae_ru_awakened_eye,
          uniq_natasha, uniq_sigmund, uniq_jessica
D:4:      gammafunk_temple_overflow_elements, first_ration,
          vehumet_altar_wand_db
D:5:      overflow_temple_1_default, uniq_blork_the_orc, uniq_eustachio,
          uniq_duvessa
D:6:      gammafunk_temple_overflow_pools, minmay_temple_entry_crystal_x
D:7:      makhleb_heckhound_becter, cheibrodos_ashenzari_chains,
          interstate_on_off, kennysheep_generic_room_8, uniq_joseph
Temple:   jpeg_temple_island

Skill      XL: |  1  2  3  4  5  6  7  8  9 |
---------------+----------------------------+-----
Dodging        | 3 4 5 6 |  6.3
Spellcasting   | 3 4 5 |  5.2
Summonings     | 5 6 |  6.4
Air Magic      | 1 2 3 |  3.4
Stealth        | 4 5 |  5.2
Short Blades   | 2 3 4 |  4.3
Fighting       | 2 3 |  3.9

Action                   |  1- 3 |  4- 6 |  7- 9 || total
-------------------------+-------+-------+-------++-------
Melee: Dagger            |    95 |   205 |   238 ||   538
 Cast: Summon Small Mamm |    14 |    23 |     7 ||    44
       Call Imp          |    16 |    32 |    22 ||    70
       Call Canine Famil |       |     2 |    26 ||    28
       Summon Lightning  |       |       |    15 ||    15
Invok: Lunge             |       |     4 |    26 ||    30
       Whirlwind         |       |       |     2 ||     2
Evoke: Wand              |       |       |     2 ||     2
  Use: Scroll            |       |     7 |     7 ||    14
       Potion            |       |     1 |     1 ||     2
 Stab: Sleeping          |     7 |     5 |       ||    12
       Distracted        |     3 |     1 |     5 ||     9
  Eat: Chunk             |    12 |    10 |    18 ||    40
Armor: Robe              |    11 |    42 |    28 ||    81
Dodge: Dodged            |   101 |   226 |   207 ||   534
Block: Shield            |       |     1 |       ||     1

Table legend:
 A = Non-vault XP
 B = Vault XP
 C = Vault XP percentage of total XP
 D = Non-vault monster count
 E = Vault monster count
 F = Vault count percentage of total count
                 A         B        C        D         E       F
            +---------+---------+-------+---------+---------+-------
      Total |    1935 |     467 |  19.4 |     144 |      19 |  11.7
            +---------+---------+-------+---------+---------+-------
        D:1 |      32 |       7 |  17.9 |      23 |       6 |  20.7
        D:2 |      46 |       1 |   2.1 |      24 |       1 |   4.0
        D:3 |      78 |     158 |  66.9 |      21 |       7 |  25.0
        D:4 |     191 |       1 |   0.5 |      14 |       1 |   6.7
        D:5 |     554 |     300 |  35.1 |      23 |       4 |  14.8
        D:6 |     622 |       0 |   0.0 |      21 |       0 |   0.0
        D:7 |     412 |       0 |   0.0 |      18 |       0 |   0.0
            +---------+---------+-------+---------+---------+-------
